| TOP OF THE 1ST |
|
West Virginia Power batting - Pitching for Lakewood BlueClaws : RHP Jamie Gordam
|
|
Pitching: RHP Jamie Gordam
|
|
|
Batting: RHB Ken Manser
|
0-0: Called Strike 0-1: SOLO HOME RUN (Line Drive, 7LD, EV 91.9 MPH), Distance : 333 ft
|
|
Batting: RHB Chris McCoy
|
0-0: Foul Ball, location: 2F 0-1: Ground out 4-3 (Groundball, 4, EV 110.6 MPH)
|
|
Batting: LHB Joe Wise
|
0-0: Ball 1-0: Foul Ball, location: 2F 1-1: Ball 2-1: Ball 3-1: Called Strike 3-2: Foul Ball, location: 2F 3-2: Base on Balls
|
|
Batting: LHB Gregg Kellerman
|
0-0: Called Strike Joe Wise is caught stealing 2nd base 2-6 0-1: Ball 1-1: Ball 2-1: SINGLE (Groundball, 34D, EV 95.6 MPH)
|
|
Batting: LHB Donald Imre
|
0-0: Fly out, F8 (Line Drive, 89D, EV 92.5 MPH)
|
| Top of the 1st over - 1 run, 2 hits, 0 errors, 1 left on base; West Virginia 1 - Lakewood 0 |
| BOTTOM OF THE 1ST |
|
Lakewood BlueClaws batting - Pitching for West Virginia Power : RHP Tony Ortiz
|
|
Pitching: RHP Tony Ortiz
|
|
|
Batting: LHB Matt Urbanek
|
0-0: Ball 1-0: TRIPLE (Flyball, 78XD, EV 105.0 MPH)
|
|
Batting: RHB Vaclav Been
|
0-0: Called Strike 0-1: Foul Ball, location: 2F 0-2: Ball 1-2: Foul Ball, location: 2F 1-2: Ball 2-2: Ball 3-2: SINGLE (Groundball, 56D, EV 104.4 MPH) Matt Urbanek scores
|
|
Batting: RHB Mike Bell
|
0-0: Ball 1-0: Ground out 5-3 (Groundball, 5S, EV 77.5 MPH) Vaclav Been to second
|
|
Batting: RHB Victor Arias
|
0-0: Ball 1-0: Called Strike 1-1: Ground out U3 (Groundball, 34S, EV 84.4 MPH) Vaclav Been to third
|
|
Batting: LHB Joel Moore
|
0-0: Ground out 4-3 (Groundball, 4, EV 98.8 MPH)
|
| Bottom of the 1st over - 1 run, 2 hits, 0 errors, 1 left on base; West Virginia 1 - Lakewood 1 |
| TOP OF THE 2ND |
|
West Virginia Power batting - Pitching for Lakewood BlueClaws : RHP Jamie Gordam
|
|
Batting: LHB Brandon Sarni
|
0-0: Ground out 4-3 (Groundball, 4, EV 102.5 MPH)
|
|
Batting: RHB Nick Wilkins
|
0-0: Ball 1-0: Ground out 1-3 (Groundball, 13, EV 65.6 MPH)
|
|
Batting: RHB John Goynes
|
0-0: Ball 1-0: Foul Ball, location: 2F 1-1: Ball 2-1: Called Strike 2-2: Ball 3-2: Ground out 2-3 (Groundball, 2L, EV 63.8 MPH)
|
| Top of the 2nd over - 0 runs, 0 hits, 0 errors, 0 left on base; West Virginia 1 - Lakewood 1 |
| BOTTOM OF THE 2ND |
|
Lakewood BlueClaws batting - Pitching for West Virginia Power : RHP Tony Ortiz
|
|
Batting: RHB Trent Hedrick
|
0-0: Called Strike 0-1: DOUBLE (Groundball, 5L, EV 101.2 MPH)
|
|
Batting: RHB Josh Baker
|
0-0: Called Strike 0-1: Foul Ball, location: 2F 0-2: Ball 1-2: Ball 2-2: Ball 3-2: Ground out 4-3 (Groundball, 4, EV 86.2 MPH) Trent Hedrick to third
|
|
Batting: RHB Johnny Burroughs
|
0-0: Called Strike 0-1: Called Strike 0-2: Strikes out swinging
|
|
Batting: RHB Cory Bonham
|
0-0: Ground out 5-3 (Groundball, 56, EV 100.0 MPH)
|
| Bottom of the 2nd over - 0 runs, 1 hit, 0 errors, 1 left on base; West Virginia 1 - Lakewood 1 |
| TOP OF THE 3RD |
|
West Virginia Power batting - Pitching for Lakewood BlueClaws : RHP Jamie Gordam
|
|
Batting: RHB Brian Moore
|
0-0: Ground out U3 (Groundball, 3, EV 106.9 MPH)
|
|
Batting: RHB Ken Manser
|
0-0: Ball 1-0: Ball 2-0: Ball 3-0: Called Strike 3-1: Base on Balls
|
|
Batting: RHB Chris McCoy
|
0-0: Called Strike 0-1: Ball 1-1: Ball 2-1: Swinging Strike 2-2: Fly out, F8 (Flyball, 8RM, EV 83.8 MPH)
|
|
Batting: LHB Joe Wise
|
0-0: Ball 1-0: Swinging Strike 1-1: Foul Ball, location: 2F 1-2: Strikes out swinging
|
| Top of the 3rd over - 0 runs, 0 hits, 0 errors, 1 left on base; West Virginia 1 - Lakewood 1 |
| BOTTOM OF THE 3RD |
|
Lakewood BlueClaws batting - Pitching for West Virginia Power : RHP Tony Ortiz
|
|
Batting: LHB Matt Urbanek
|
0-0: Swinging Strike 0-1: Foul Ball, location: 2F 0-2: Ball 1-2: Strikes out swinging
|
|
Batting: RHB Vaclav Been
|
0-0: Swinging Strike 0-1: Swinging Strike 0-2: Strikes out swinging
|
|
Batting: RHB Mike Bell
|
0-0: Ball 1-0: Called Strike 1-1: Ball 2-1: Ball 3-1: Base on Balls
|
|
Batting: RHB Victor Arias
|
0-0: Ball Pickoff Throw to First - Out! 1-3 CS
|
| Bottom of the 3rd over - 0 runs, 0 hits, 0 errors, 0 left on base; West Virginia 1 - Lakewood 1 |
| TOP OF THE 4TH |
|
West Virginia Power batting - Pitching for Lakewood BlueClaws : RHP Jamie Gordam
|
|
Batting: LHB Gregg Kellerman
|
0-0: Swinging Strike 0-1: Ball 1-1: Foul Ball, location: 2F 1-2: Foul Ball, location: 2F 1-2: Strikes out looking
|
|
Batting: LHB Donald Imre
|
0-0: Ball 1-0: SINGLE (Line Drive, 5D, EV 96.2 MPH)
|
|
Batting: LHB Brandon Sarni
|
0-0: Ball 1-0: Ball 2-0: Called Strike 2-1: Swinging Strike 2-2: Foul Ball, location: 2F 2-2: 2-RUN HOME RUN (Flyball, 89XD, EV 108.1 MPH), Distance : 418 ft
|
|
Batting: RHB Nick Wilkins
|
0-0: Ball 1-0: Called Strike 1-1: Ground out 6-3 (Groundball, 6M, EV 87.5 MPH)
|
|
Batting: RHB John Goynes
|
0-0: Swinging Strike 0-1: Called Strike 0-2: Ball 1-2: Strikes out swinging
|
| Top of the 4th over - 2 runs, 2 hits, 0 errors, 0 left on base; West Virginia 3 - Lakewood 1 |
| BOTTOM OF THE 4TH |
|
Lakewood BlueClaws batting - Pitching for West Virginia Power : RHP Tony Ortiz
|
|
Batting: RHB Victor Arias
|
0-0: Ground out 5-3 (Groundball, 56, EV 107.5 MPH)
|
|
Batting: LHB Joel Moore
|
0-0: Ground out 6-3 (Groundball, 6, EV 89.4 MPH)
|
|
Batting: RHB Trent Hedrick
|
0-0: Called Strike 0-1: Called Strike 0-2: Foul Ball, location: 2F 0-2: Ball 1-2: Hit by Pitch
|
|
Batting: RHB Josh Baker
|
0-0: Called Strike 0-1: Ball 1-1: Fielders Choice at 2nd, 5-4 (Groundball, 5, EV 85.0 MPH)
|
| Bottom of the 4th over - 0 runs, 0 hits, 0 errors, 1 left on base; West Virginia 3 - Lakewood 1 |
| TOP OF THE 5TH |
|
West Virginia Power batting - Pitching for Lakewood BlueClaws : RHP Jamie Gordam
|
|
Batting: RHB Brian Moore
|
0-0: Called Strike 0-1: Ball 1-1: Fly out, F4 (Popup, 3S, EV 73.1 MPH)
|
|
Batting: RHB Ken Manser
|
0-0: Ball 1-0: Ball 2-0: Foul Ball, location: 2F 2-1: Ground out 5-3 (Groundball, 56S, EV 79.4 MPH)
|
|
Batting: RHB Chris McCoy
|
0-0: Ball 1-0: Called Strike 1-1: Ball 2-1: Ball 3-1: Foul Ball, location: 2F 3-2: Foul Ball, location: 2F 3-2: Ground out 4-3 (Groundball, 4, EV 88.1 MPH)
|
| Top of the 5th over - 0 runs, 0 hits, 0 errors, 0 left on base; West Virginia 3 - Lakewood 1 |
| BOTTOM OF THE 5TH |
|
Lakewood BlueClaws batting - Pitching for West Virginia Power : RHP Tony Ortiz
|
|
Batting: RHB Johnny Burroughs
|
0-0: Ball 1-0: Foul Ball, location: 2F 1-1: Foul Ball, location: 2F 1-2: Strikes out swinging
|
|
Batting: RHB Cory Bonham
|
0-0: Called Strike 0-1: Swinging Strike 0-2: Ball 1-2: Ground out 6-3 (Groundball, 6, EV 81.2 MPH)
|
|
Batting: LHB Matt Urbanek
|
0-0: Ball 1-0: SINGLE (Line Drive, 3L, EV 100.6 MPH)
|
|
Batting: RHB Vaclav Been
|
0-0: Called Strike 0-1: Swinging Strike 0-2: Foul Ball, location: 2F 0-2: Ball Matt Urbanek steals 2nd base 1-2: Fly out, F9 (Flyball, 9S, EV 91.2 MPH)
|
| Bottom of the 5th over - 0 runs, 1 hit, 0 errors, 1 left on base; West Virginia 3 - Lakewood 1 |
| TOP OF THE 6TH |
|
West Virginia Power batting - Pitching for Lakewood BlueClaws : RHP Jamie Gordam
|
|
Batting: LHB Joe Wise
|
0-0: Ball 1-0: Called Strike 1-1: Ball 2-1: Ground out U3 (Groundball, 34, EV 85.0 MPH)
|
|
Pitching: RHP Ramon Mena
|
|
|
Batting: LHB Gregg Kellerman
|
0-0: Ground out 4-3 (Groundball, 4, EV 86.9 MPH)
|
|
Batting: LHB Donald Imre
|
0-0: Ball 1-0: Ball 2-0: Ball 3-0: Base on Balls
|
|
Batting: LHB Brandon Sarni
|
0-0: Ball 1-0: Swinging Strike 1-1: Ground out 4-3 (Groundball, 4, EV 85.0 MPH)
|
| Top of the 6th over - 0 runs, 0 hits, 0 errors, 1 left on base; West Virginia 3 - Lakewood 1 |
| BOTTOM OF THE 6TH |
|
Lakewood BlueClaws batting - Pitching for West Virginia Power : RHP Tony Ortiz
|
|
Batting: RHB Mike Bell
|
0-0: Swinging Strike 0-1: Ball 1-1: Ball 2-1: Foul Ball, location: 2F 2-2: Foul Ball, location: 2F 2-2: Foul Ball, location: 2F 2-2: Ball 3-2: Foul Ball, location: 2F 3-2: Fly out, F6 (Popup, 6, EV 78.1 MPH)
|
|
Batting: RHB Victor Arias
|
0-0: Called Strike 0-1: Called Strike 0-2: Ball 1-2: Foul Ball, location: 2F 1-2: Strikes out looking
|
|
Batting: LHB Joel Moore
|
0-0: Foul Ball, location: 2F 0-1: Swinging Strike 0-2: SINGLE (Groundball, 34D, EV 100.6 MPH)
|
|
Batting: RHB Trent Hedrick
|
Pickoff Throw to First - Out! 1-3
|
| Bottom of the 6th over - 0 runs, 1 hit, 0 errors, 0 left on base; West Virginia 3 - Lakewood 1 |
| TOP OF THE 7TH |
|
West Virginia Power batting - Pitching for Lakewood BlueClaws : RHP Ramon Mena
|
|
Batting: RHB Nick Wilkins
|
0-0: Called Strike 0-1: Fly out, F7 (Flyball, 78S, EV 81.9 MPH)
|
|
Batting: RHB John Goynes
|
0-0: Called Strike 0-1: Ball 1-1: Foul Ball, location: 2F 1-2: Ball 2-2: Ball 3-2: Strikes out looking
|
|
Batting: RHB Brian Moore
|
0-0: Called Strike 0-1: Ball 1-1: Called Strike 1-2: Strikes out swinging
|
| Top of the 7th over - 0 runs, 0 hits, 0 errors, 0 left on base; West Virginia 3 - Lakewood 1 |
| BOTTOM OF THE 7TH |
|
Lakewood BlueClaws batting - Pitching for West Virginia Power : RHP Tony Ortiz
|
|
Batting: RHB Trent Hedrick
|
0-0: Swinging Strike 0-1: Ball 1-1: Fly out, F4 (Popup, 34S, EV 81.2 MPH)
|
|
Batting: RHB Josh Baker
|
0-0: Called Strike 0-1: Ground out 4-3 (Groundball, 4, EV 82.5 MPH)
|
|
Batting: RHB Johnny Burroughs
|
0-0: Ball 1-0: Swinging Strike 1-1: Swinging Strike 1-2: Strikes out looking
|
| Bottom of the 7th over - 0 runs, 0 hits, 0 errors, 0 left on base; West Virginia 3 - Lakewood 1 |
| TOP OF THE 8TH |
|
West Virginia Power batting - Pitching for Lakewood BlueClaws : RHP Ramon Mena
|
|
Pitching: RHP David Oviedo
|
|
|
Batting: RHB Ken Manser
|
0-0: Swinging Strike 0-1: Ground out 5-3 (Groundball, 5, EV 107.5 MPH)
|
|
Batting: RHB Chris McCoy
|
0-0: Swinging Strike 0-1: Swinging Strike 0-2: Strikes out swinging
|
|
Batting: LHB Joe Wise
|
0-0: Ball 1-0: Ball 2-0: Ball 3-0: Ground out U3 (Groundball, 3, EV 83.1 MPH)
|
| Top of the 8th over - 0 runs, 0 hits, 0 errors, 0 left on base; West Virginia 3 - Lakewood 1 |
| BOTTOM OF THE 8TH |
|
Lakewood BlueClaws batting - Pitching for West Virginia Power : RHP Tony Ortiz
|
|
Pitching: RHP Fred McIlrath
|
|
|
Batting: RHB Cory Bonham
|
0-0: DOUBLE (Line Drive, 3D, EV 98.1 MPH)
|
|
Batting: LHB Matt Urbanek
|
0-0: Ball 1-0: Ball 2-0: Fly out, F9 (Flyball, 9S, EV 93.8 MPH)
|
|
Batting: RHB Vaclav Been
|
0-0: Ball 1-0: Ball 2-0: Foul Ball, location: 2F 2-1: Ball 3-1: SINGLE (Line Drive, 89S, EV 95.6 MPH) Cory Bonham to third Runner from 3rd tries for Home, SAFE, throw by RF to home
|
|
Batting: RHB Mike Bell
|
0-0: Ball 1-0: Called Strike 1-1: Foul Ball, location: 2F 1-2: Strikes out swinging
|
|
Batting: RHB Victor Arias
|
0-0: Ball 1-0: Ball 2-0: Foul Ball, location: 2F 2-1: Swinging Strike 2-2: Strikes out swinging
|
| Bottom of the 8th over - 1 run, 2 hits, 0 errors, 1 left on base; West Virginia 3 - Lakewood 2 |
| TOP OF THE 9TH |
|
West Virginia Power batting - Pitching for Lakewood BlueClaws : RHP David Oviedo
|
|
Batting: LHB Gregg Kellerman
|
0-0: Ball 1-0: Ground out 4-3 (Groundball, 4, EV 91.9 MPH)
|
|
Batting: LHB Donald Imre
|
0-0: Ball 1-0: Foul Ball, location: 2F 1-1: Ball 2-1: SINGLE (Groundball, 6D, EV 101.9 MPH)
|
|
Batting: LHB Brandon Sarni
|
0-0: Ball 1-0: Foul Ball, location: 2F 1-1: Swinging Strike 1-2: Foul Ball, location: 2F 1-2: Strikes out swinging Donald Imre is caught stealing 2nd base 2-6 Batter strikes out.
|
| Top of the 9th over - 0 runs, 1 hit, 0 errors, 0 left on base; West Virginia 3 - Lakewood 2 |
| BOTTOM OF THE 9TH |
|
Lakewood BlueClaws batting - Pitching for West Virginia Power : RHP Fred McIlrath
|
|
Pitching: RHP Joe Simanton
|
|
|
Batting: LHB Joel Moore
|
0-0: Called Strike 0-1: Ball 1-1: Ball 2-1: Foul Ball, location: 2F 2-2: Ground out 6-3 (Groundball, 6, EV 82.5 MPH)
|
|
Batting: RHB Trent Hedrick
|
0-0: Ground out 1-3 (Groundball, 13, EV 68.8 MPH)
|
|
Batting: RHB Josh Baker
|
0-0: Foul Ball, location: 2F 0-1: Ball 1-1: Foul Ball, location: 2F 1-2: Ball 2-2: Hit by Pitch
|
|
Pinch Hitting: LHB Eric Farren
|
0-0: Ball 1-0: Swinging Strike 1-1: Called Strike 1-2: Strikes out swinging
|
| Bottom of the 9th over - 0 runs, 0 hits, 0 errors, 1 left on base; West Virginia 3 - Lakewood 2 |
|